 Dungeon Crawl Stone Soup version 0.20.0-10-g0535bb4 (webtiles) character file.

994 anfisbena the Cruncher (level 8, -10/51 HPs)
             Began as a Gargoyle Gladiator on June 4, 2017.
             Mangled by an orc warrior
             ... wielding a +0 scimitar
              (19 damage)
             ... on level 4 of the Dungeon.
             The game lasted 00:05:31 (4961 turns).

anfisbena the Cruncher (Gargoyle Gladiator)         Turns: 4961, Time: 00:05:31

Health: -10/51     AC: 16    Str: 18    XL:     8   Next: 19%
Magic:  8/8        EV:  6    Int:  9    God:
Gold:   179        SH:  0    Dex: 13    Spells: 7/7 levels left

rFire    . . .     SeeInvis .   a - +0 quarterstaff
rCold    . . .     Gourm    .   (shield currently unavailable)
rNeg     + . .     Faith    .   n - +0 plate armour (curse)
rPois    ∞         Spirit   .   c - +0 helmet
rElec    +         Reflect  .   (no cloak)
rCorr    .         Harm     .   (no gloves)
MR       .....                  (no boots)
Stlth    ..........             (no amulet)
Regen    0.2/turn               v - ring of flight
MPRegen  0.2/turn               (no ring)

@: no status effects
A: negative energy resistance 1, electricity resistance, unbreathing,
petrification resistance, rot immunity, AC +5
a: Evoke Flight


You were on level 4 of the Dungeon.
You were hungry.

You visited 1 branch of the dungeon, and saw 5 of its levels.

You collected 179 gold pieces.

Inventory:

Hand Weapons
 a - a +0 quarterstaff (weapon)
Missiles
 d - 3 throwing nets (quivered)
Armour
 c - a +0 helmet (worn)
 n - a cursed +0 plate armour (worn)
 C - a scarf of cloud immunity
Jewellery
 v - a ring of flight (left hand)
Wands
 q - a wand of digging (22/24)
 w - a wand of digging (14/24)
Scrolls
 b - a scroll of fog {unknown}
 g - 2 scrolls of amnesia {unknown}
 h - 2 scrolls of teleportation {unknown}
 i - 5 scrolls of identify {unknown}
 k - a scroll of recharging {unknown}
 l - 3 scrolls of magic mapping {unknown}
 m - a scroll of blinking {unknown}
 t - a scroll of random uselessness {unknown}
 y - a scroll of enchant weapon {unknown}
 B - 2 scrolls of enchant armour {unknown}
 F - 3 scrolls of immolation {unknown}
Potions
 j - a potion of mutation {unknown}
 o - a potion of might {unknown}
 p - a potion of heal wounds {unknown}
 r - a potion of lignification {unknown}
 u - a potion of curing {unknown}
 A - 2 potions of flight {unknown}
 E - a potion of degeneration {unknown}
Comestibles
 f - 3 bread rations
 s - 3 meat rations
 x - a royal jelly
 z - 2 fruits


   Skills:
 + Level 6.0 Fighting
 * Level 8.2 Staves
 - Level 1.7 Throwing
 - Level 2.4 Dodging


You had 7 spell levels left.
You didn't know any spells.

Dungeon Overview and Level Annotations

Branches:
Dungeon (5/15)
 Temple: D:4-7

Altars:
Ashenzari
Ru
Trog
Yredelemnul


Innate Abilities, Weirdness & Mutations

You are resistant to torment.
Your stone body is resilient. (AC +5)
You are immune to poison.
You resist negative energy. (rN+)
You are resistant to electric shocks. (rElec)
You can survive without breathing.
You are immune to petrification.
You are immune to rotting.


Message History

You feel invigorated.
The orc warrior hits you with a scimitar!
* * * LOW HITPOINT WARNING * * *
You closely miss the orc warrior.
The orc warrior is moderately wounded.
The orc warrior hits you with a scimitar!
* * * LOW HITPOINT WARNING * * *
The orc warrior barely misses you.
You hit the orc warrior.
The orc warrior is heavily wounded.
You feel less invigorated.
You feel less confused.
The orc warrior hits you with a scimitar.
* * * LOW HITPOINT WARNING * * *
You hit the orc warrior.
The orc warrior is heavily wounded.
You sock the orc warrior!
The orc warrior is almost dead.
The orc warrior hits you with a scimitar!!
You die...

#.#
#.....#.######.##.####
#.#
#.#.#.#.............#.
#.#
#.#.#.########.##.#...
#.#
#.................####
#.#
###.#.########.##.....
#.# #.#.# #.##.####
##.### #.#.# #.##.#
#....# #.#.########.##.#
####.# #.o@............#
#.####....#######.####
#..........# #.#
######.....######.#######
#....................
#....#.######.#######
#.##.#.#.............
#.##.#.#.####.#######
#.##.#...###........#


You could see an orc warrior.

Vanquished Creatures
  A sky beast (D:5)
  An ogre (D:4)
  A phantom (D:4)
  A gnoll sergeant (D:5)
  2 scorpions
  A jelly (D:5)
  An orc priest (D:4)
  An iguana (D:4)
  Terence (D:2)
  An orc wizard (D:3)
  Natasha (thrice) (D:3 D:4)
  3 worker ants
  6 gnolls (D:5)
  8 adders
  An ooze (D:1)
  2 adder skeletons (D:4)
  2 worms (D:2)
  5 dart slugs
  8 leopard geckos
  8 orcs
  6 giant cockroaches
  10 goblins
  10 hobgoblins
  4 jackals (D:2)
  8 kobolds
  3 quokkas
  6 bats
  A jackal skeleton (D:5)
  8 rats
113 creatures vanquished.

Vanquished Creatures (others)
  An orc wizard (D:5)
1 creature vanquished.

Grand Total: 114 creatures vanquished

Notes
Turn   | Place    | Note
-------+----------+-------------------------------------------
     0 | D:1      | anfisbena the Gargoyle Gladiator began the quest for the Orb.
     0 | D:1      | Reached XP level 1. HP: 12/12 MP: 1/1
    92 | D:1      | Reached XP level 2. HP: 18/18 MP: 2/2
   211 | D:1      | Reached XP level 3. HP: 22/22 MP: 3/3
   370 | D:1      | Reached skill level 4 in Staves
   917 | D:2      | Reached XP level 4. HP: 17/27 MP: 4/4
  1189 | D:2      | Found a bloodstained altar of Trog.
  1479 | D:2      | Noticed Terence
  1506 | D:2      | Killed Terence
  1506 | D:2      | Reached skill level 5 in Staves
  1506 | D:2      | Reached XP level 5. HP: 26/32 MP: 5/5
  2027 | D:3      | Noticed Natasha
  2053 | D:3      | Killed Natasha
  2412 | D:3      | Noticed Natasha
  2620 | D:3      | Killed Natasha
  2620 | D:3      | Reached XP level 6. HP: 35/38 MP: 6/6
  3102 | D:4      | Noticed Natasha
  3113 | D:4      | Killed Natasha
  3188 | D:4      | Reached skill level 6 in Staves
  3461 | D:4      | Noticed a phantom
  3520 | D:4      | Killed a phantom
  3520 | D:4      | Reached XP level 7. HP: 32/44 MP: 7/7
  3721 | D:4      | Found a shattered altar of Ashenzari.
  3728 | D:4      | Reached skill level 5 in Fighting
  3867 | D:4      | Reached skill level 7 in Staves
  4126 | D:5      | Entered Level 5 of the Dungeon
  4344 | D:5      | Found a sacrificial altar of Ru.
  4344 | D:5      | Found a basalt altar of Yredelemnul.
  4381 | D:5      | Reached skill level 8 in Staves
  4381 | D:5      | Reached XP level 8. HP: 33/51 MP: 8/8
  4961 | D:4      | Mangled by an orc warrior

Skill      XL: |  1  2  3  4  5  6  7  8 |
---------------+-------------------------+-----
Staves         | 4 5 6 8 |  8.2
Fighting       | 3 4 5 6 |  6.0
Throwing       | |  1.7
Dodging        | |  2.4

Action                   |  1- 3 |  4- 6 |  7- 9 || total
-------------------------+-------+-------+-------++-------
Melee: Quarterstaff      |    98 |   242 |   142 ||   482
  Use: Potion            |       |       |     1 ||     1
 Stab: Sleeping          |     1 |       |       ||     1
  Eat: Chunk             |       |     9 |     4 ||    13
Armor: Leather armour    |    51 |    76 |       ||   127
       Plate armour      |       |    69 |   141 ||   210
Dodge: Dodged            |    69 |   125 |    50 ||   244
